woodfighter, chaotic female orcish Cavewoman ############### #-----## --------- #+%..-####|.......| ############## #|...|# #........| #------------- #|^..|# |....<..| #|`.........`|########....|`###........| #|.....`.....| ##### ----- |.......| #|...-----....####### --------- ##....|.{.|...|#### ##|..`|{.{.`..|# `# ####|...|.{.|...|# ############|...-----...|# | I`#######-----.-# |.....`.....|# |... |.....+# |`.........`|# |........k.. a@)-d.)..| -------------# ----------- |......################## ------- woodfighter the Cave Teen Experience level: 5 Strength: 18 Dexterity: 14 Constitution: 17 Intelligence: 11 Wisdom: 8 Charisma: 7 Health: 0(41) Energy: 12(12) Def: 2 Gold: 186 Moves: 2752 Dungeon seed: qJco2DX7Nkb_B7Lo Game ID: woodfighter_1499190991 Your Inventory: Coins $ - 186 gold pieces Weapons a - a +1 club (weapon in hand) b - a +2 sling (alternate weapon; not wielded) J - 2 +0 dwarvish spears Armor n - a cursed +0 dwarvish cloak q - a blessed +0 leather armor (being worn) r - an uncursed +0 dwarvish iron helm y - an uncursed +0 pair of iron shoes Comestibles c - an uncursed red, white, and blue lollipop d - 2 uncursed food rations I - an uncursed fortune cookie Scrolls N - an uncursed scroll of identify Potions L - 2 cursed potions of hallucination M - an uncursed potion of hallucination Rings K - an uncursed +2 ring of increase accuracy Wands B - a wand of enlightenment (0:14) Tools s - an uncursed sack v - an uncursed stethoscope Gems e - 8 uncursed flints (in quiver) Contents of the sack: 936 gold pieces a [uncursed] scroll of create monster 2 uncursed scrolls of identify 2 cursed scrolls of identify a [blessed] scroll of magic mapping a cursed scroll of remove curse 2 [uncursed] scrolls of scare monster a blessed potion of invisibility an uncursed potion of levitation a [uncursed] potion of water an uncursed wand of create monster [0:12] an uncursed wand of create monster [0:13] Spells and supernatural/magical abilities: Name Level Category Fail Memory W - pray for help -- divine ? -- Your skills at the end: Miscellaneous Skills bare handed combat [Basic] Weapon Skills scimitar [Basic] club [Basic] sling [Basic] Spellcasting Skills Final Attributes: You were piously aligned. You were poison resistant. Your writing hand was ok. You had infravision. You were stealthy. You are dead. Vanquished creatures: a small mimic a gold golem a housecat a rock piercer a pony a shrieker a red naga hatchling 2 floating eyes 3 kittens a dwarf 2 iguanas a jitterbug a hobbit a gecko 2 giant rats a brown mold a green mold 7 jackals 5 newts 3 grid bugs 5 lichens a kobold zombie 43 creatures vanquished. Voluntary challenges: You had followed a strict vegan diet until turn 1945. You had followed a strict vegetarian diet until turn 1945. You did not adorn yourself with jewelry or accessories. You did not cause conflict. You were not invisible. You did not have reflection. You were not displaced. You used a wielded weapon 71 times, starting on turn 48. You did not apply a unicorn horn. You did not use plumbed fixtures. You did not drink any magical draughts. You were illiterate. You never genocided any monsters. You never polymorphed an object. You never changed form. You used no wishes. You never split a pudding. You never wrote Elbereth's name. You never violated your personal moral code. Dungeon overview: The Dungeons of Doom: levels 1 to 7 Level 1 a fountain, a sink a long staircase Level 2 Level 3 (vault) a general store Level 4 (locked) a scroll shop, an altar to Anshar stairs to The Gnomish Mines Level 5 some fountains Level 6 a fountain Level 7 <- You were here many fountains The Gnomish Mines: Level 5 stairs to The Dungeons of Doom History has recorded: On T:1 you entered the Dungeons of Doom to retrieve the Amulet of Yendor! On T:187 you reached level 2 of The Dungeons of Doom. On T:453 you reached level 3 of The Dungeons of Doom. On T:478 you advanced to experience level 2. On T:748 you advanced to experience level 3. On T:927 you advanced to experience level 4. On T:1100 you reached level 4 of The Dungeons of Doom. On T:1170 you reached level 1 of The Gnomish Mines. On T:1378 you reached level 5 of The Dungeons of Doom. On T:1752 you reached level 6 of The Dungeons of Doom. On T:2118 you reached level 7 of The Dungeons of Doom. On T:2234 you advanced to experience level 5. On T:2568 you prayed to Anshar. Score breakdown: Gold: 1122 ( 112 points) Experience: 5 levels ( 400 points) Exploration: 7 levels ( 180 points) Discoveries: 16 items ( 800 points) Variety of kills: 22 monsters ( 1100 points) Major goal: (nothing yet) ( 0 points) Survival: died (score multiplied by 3) Total score: 7776 Latest messages: You displace your large dog. N - a scroll of identify. You see here an arrow. An arrow shoots out at you! You are hit by an arrow. "Hello, woodfighter, welcome to Delphi!" You displace your large dog. You hear a monster behind the boulder. Perhaps that's why you cannot move it. You displace your large dog. The door opens. You stop exploring. The kobold lord throws a dart! The dart misses something. It is missed. (2x) You are almost hit by a dart. The fire ant bites! (2x) You're on fire! The fire ant bites! (2x) You're on fire! You hit the fire ant! The fire ant bites! (2x) You're on fire! You hit the fire ant! The fire ant bites! (2x) You're on fire! You die... Final status: Goodbye woodfighter the Cavewoman, killed by a fire ant... You died in The Dungeons of Doom on dungeon level 7 with 7776 points, and 1122 pieces of gold, after 2752 moves. You were level 5 with a maximum of 41 hit points when you died.